 Dungeon Crawl Stone Soup version 0.28-a0-199-g298df9dbad (webtiles) character file.

Game seed: 716679168425564176

59 snetch the Magician (level 4, -1/31 HPs)
             Began as a Djinni Fire Elementalist on Aug 19, 2021.
             Slain by a gnoll (6 damage)
             ... on level 2 of the Dungeon.
             The game lasted 00:03:06 (1519 turns).

snetch the Magician (Djinni Fire Elementalist)      Turns: 1519, Time: 00:03:06

Health: -1/31      AC:  2    Str:  7    XL:     4   Next: 22%
Gold:   107        EV: 12    Int: 17    God:
                   SH:  0    Dex: 14

rFire   + + .      SeeInvis .   e - +1 whip (elec)
rCold   x . .      Faith    .   (no shield)
rNeg    . . .      Spirit   .   a - +0 robe
rPois   ∞          Reflect  .   (no helmet)
rElec   .          Harm     .   (no cloak)
rCorr   .          Rampage  .   (no gloves)
Will    .....                   (boots unavailable)
Stlth   ++........              (no amulet)
HPRegen 0.10/turn               (no ring)
MPRegen 0.00/turn               (no ring)

@: flying
A: sickness immunity, fire resistance 2, cold vulnerability 1, float, innate
caster, hp casting, extra vitality 1
a: no special abilities


You were on level 2 of the Dungeon.
You visited 1 branch of the dungeon, and saw 3 of its levels.

You collected 107 gold pieces.

Inventory:

Hand Weapons
 e - a +1 whip of electrocution (weapon)
 g - a +0 quarterstaff
 m - a +0 halberd
Missiles
 b - 9 arrows
 c - 7 poisoned darts
 f - 102 stones
 j - 13 sling bullets
 l - 6 javelins
Armour
 a - a +0 robe (worn)
 d - a +0 ring mail
Scrolls
 h - a scroll of magic mapping {unknown}
 i - a scroll of identify {unknown}
 k - a scroll of blinking {unknown}


   Skills:
 + Level 2.4 Dodging
 + Level 1.9 Stealth
 + Level 3.5 Spellcasting


You couldn't memorise any spells.
You knew the following spells:

 Your Spells              Type           Power      Damage    Failure   Level
a - Foxfire               Conj/Fire      56%        2x1d6     4%          1
b - Conjure Flame         Conj/Fire      14%        6-21      12%         3
c - Inner Flame           Hex/Fire       14%        N/A       12%         3
d - Sticky Flame          Conj/Fire      14%        2d4       36%         4
e - Fireball              Conj/Fire      7%         3d5       73%         5
f - Magic Dart            Conj           56%        1d5       4%          1
Your spell library was empty.

Dungeon Overview and Level Annotations

Branches:
Dungeon (3/15)

Altars:


Innate Abilities, Weirdness & Mutations

You are immune to sickness and miasma.
You are immune to poison.
Your flesh is very heat resistant. (rF++)
You are vulnerable to cold. (rC-)
You float through the air rather than walking.
You learn spells naturally, not from books.
Your magical power is your life essence.
You have superior vitality. (+4 HP)


Message History

The gnoll is almost dead.
You conjure some foxfire!
The foxfire hits the gnoll.
You kill the gnoll!
The foxfire hits the gnoll.
The gnoll is moderately wounded.
You conjure some foxfire!
The foxfire hits the hobgoblin but does no damage.
The foxfire hits the gnoll.
The gnoll is heavily wounded.
The hobgoblin hits you. The gnoll barely misses you.
You conjure some foxfire!
The foxfire hits the gnoll.
The gnoll is lightly wounded.
The foxfire hits the hobgoblin.
The hobgoblin is moderately wounded.
The gnoll hits you with a +0 flail! The hobgoblin barely misses you.
The gnoll barely misses you.
You are too injured to fight recklessly!
Unknown command.
The foxfire hits the hobgoblin.
You kill the hobgoblin!
The foxfire hits the gnoll.
The gnoll is heavily wounded.
You are too injured to fight recklessly!
You hit the gnoll.
The gnoll is severely wounded.
The gnoll misses you.
The gnoll hits you from afar with a +0 spear.
The gnoll hits you from afar with a +0 spear.
* * * LOW HITPOINT WARNING * * *
You are too injured to fight recklessly!
Casting: Foxfire (safe; 4% risk of failure)
Press: ? - help, Q - select action, (/) - cycle Dir - look around, f - activate You conjure some foxfire!
* * * LOW HITPOINT WARNING * * *
The foxfire hits the gnoll but does no damage.
The gnoll is heavily wounded.
The foxfire hits the gnoll but does no damage.
The gnoll is severely wounded.
The gnoll hits you with a +0 spear.
You die...

#....... #.##..## #######
#.##.... # ##.....####.......
#..###.................
#..##.....)............
#..##.............#####
######...§................<.
##..........@g..........#####
##..........g........##.## .
#....................##.#####.
#............)................
#..................)....###...
#.....................#.##..##
#.......)...............##.###
##....†..............#.......#
##..........#......<...#.##.#


You could see 2 gnolls.

Vanquished Creatures
  2 gnolls (D:2)
  A dart slug (D:2)
  3 endoplasms
  5 giant cockroaches (D:1)
  2 hobgoblins
  3 kobolds
  4 quokkas (D:1)
  4 ball pythons (D:1)
  3 bats
  2 frilled lizards
  3 goblins
  2 rats
34 creatures vanquished.

Vanquished Creatures (others)
  109 foxfires
109 creatures vanquished.

Grand Total: 143 creatures vanquished

Notes
Turn   | Place    | Note
-------+----------+-------------------------------------------
     0 | D:1      | snetch the Djinni Fire Elementalist began the quest for the
                  | Orb.
     0 | D:1      | Reached XP level 1. HP: 15/15 MP: 0/0
   221 | D:2      | Reached XP level 2. HP: 18/21 MP: 0/0
   533 | D:1      | Reached skill level 3 in Spellcasting
   697 | D:1      | Reached XP level 3. HP: 23/25 MP: 0/0
   697 | D:1      | Learned a level 1 spell: Magic Dart
  1417 | D:2      | Reached XP level 4. HP: 26/31 MP: 0/0
  1519 | D:2      | Slain by a gnoll

Illustrated notes

Levels and vault maps discovered:
D:1:      lightli_arrival_flooded_house, layout_loops_ring, solitary_fountain,
          kennysheep_nondescript, st_stairs_5
D:2:      layout_rooms, minmay_tiny_reverse_x
D:3:      layout_loops_ring, serial_shops, shop_fountains,
          shapermc_ecumenical_altar_ellora, serial_bayou_pond_c,
          minmay_misc_feat_x, ebering_dispersal_statue_hall,
          hangedman_abyss_or_decor_stabs

Skill      XL: |  1  2 |
---------------+-------+-----
Spellcasting   | 3 |  3.5
Dodging        | |  2.4
Stealth        | |  1.9

Action                   |  1- 3 |  4- 6 || total
-------------------------+-------+-------++-------
Melee: Whip              |     6 |     1 ||     7
 Cast: Foxfire           |    59 |     8 ||    67
Armor: Robe              |     3 |       ||     3
Dodge: Dodged            |    12 |     4 ||    16

Table legend: (Time is in decaauts)
 A = Elapsed time spent in this place.
 B = Non-inter-level travel time spent in this place.
 C = Inter-level travel time spent in this place.
 D = Time resting spent in this place.
 E = Time spent auto-exploring this place.
 F = Levels seen in this place.
 G = Mean time per level.
                   A        B        C        D        E       F      G
               +--------+--------+--------+--------+--------+-----+--------+
         Total |   1522 |   1466 |     56 |    133 |    998 |   3 |  507.3 |
       Dungeon |   1522 |   1466 |     56 |    133 |    998 |   3 |  507.3 |
               +--------+--------+--------+--------+--------+-----+--------+

Top non-repeatable levels by time:
     D:1: 1266 daAuts
     D:2: 253 daAuts
     D:3: 1 daAuts
